 Dungeon Crawl Stone Soup version 0.31.0-11-ge490571c62 (webtiles) character file.

Game seed: 12632076542332802861

8 browni3141 the Firebug (level 2, 19/19 HPs)
             Began as a Demonspawn Fire Elementalist on Jan 30, 2024.
             Got out of the dungeon alive.
             The game lasted 00:00:17 (364 turns).

browni3141 the Firebug (DsFE)                        Turns: 364, Time: 00:00:17

Health: 19/19      AC:  2    Str:  8    XL:     2   Next: 0%
Magic:  1/5        EV: 12    Int: 15    God:
Gold:   5          SH:  0    Dex: 13    Spells: 4/5 levels left

rFire   . . .        (no weapon)
rCold   . . .        (no shield)
rNeg    . . .        a - +0 robe
rPois   .            (no helmet)
rElec   .            (no cloak)
rCorr   .            (no gloves)
SInv    .            (no boots)
Will    .....        (no amulet)
Stlth   ++           (no ring)
HPRegen 0.23/turn    (no ring)
MPRegen 0.09/turn

%: no passive effects
@: no status effects
A: sanguine armour 1
a: no special abilities


You escaped.
You visited 1 branch of the dungeon, and saw 1 of its levels.

You collected 5 gold pieces.

Inventory:

Armour
 a - a +0 robe (worn)
Scrolls
 c - a scroll of enchant armour {unknown}
 d - 2 scrolls of identify {unknown}
 e - 3 scrolls of torment {unknown}
 f - a scroll of enchant weapon {unknown}
Potions
 b - a potion of magic
 g - 2 potions of brilliance {unknown}


   Skills:
 + Level 1.9 Dodging
 + Level 2.0 Stealth
 + Level 2.1 Spellcasting
 + Level 1.2 Conjurations
 + Level 2.8 Fire Magic


You had 4 spell levels left.
You knew the following spells:

 Your Spells              Type           Power      Damage    Failure   Level
a - Foxfire               Conj/Fire      28%        2x1d5     10%         1

Your spell library contained the following spells:

 Spells                   Type           Power      Damage    Failure   Level
 Scorch                   Fire           20%        2d5       11%         2
 Inner Flame              Hex/Fire       5%         N/A       36%         3
 Volatile Blastmotes      Fire/Tloc      10%        2d10      36%         3
 Fugue of the Fallen      Necr           1%         N/A       54%         3
 Ozocubu's Armour         Ice            1%         N/A       54%         3
 Flame Wave               Conj/Fire      7%         2d5       67%         4
 Manifold Assault         Tloc           1%         N/A       91%         4


Dungeon Overview and Level Annotations

Branches:
Dungeon (1/15)

Altars:


Innate Abilities, Weirdness & Mutations

When seriously injured, your blood forms armour. (AC +0)


Message History

e - 3 scrolls labelled IRRAOL GUDA
Found a stone staircase leading down.
You now have 3 gold pieces.
A hobgoblin comes into view.
A hobgoblin is nearby!
A hobgoblin is nearby!
The hobgoblin shouts!
You conjure some foxfire!
You conjure some foxfire!
The foxfire hits the hobgoblin.
The hobgoblin is severely wounded.
The foxfire hits the hobgoblin.
The hobgoblin is almost dead.
The foxfire hits the hobgoblin but does no damage.
The hobgoblin is almost dead.
The foxfire hits the hobgoblin.
You kill the hobgoblin!
You pick up a book of Battle and begin reading...
You add the spells Fugue of the Fallen, Ozocubu's Armour and Manifold Assault to your library.
f - a scroll labelled ONEICUOKKA A quokka comes into view.
A quokka is nearby!
A quokka is nearby!
A quokka is nearby!
You conjure some foxfire!
You conjure some foxfire!
You miscast Foxfire.
You are very lightly contaminated with residual magic.
Nothing appears to happen.
The foxfire hits the quokka.
The quokka is moderately wounded.
Your foxfire dissipates!
The foxfire hits the quokka.
The quokka is severely wounded.
You are out of magic!
Unknown command.
The foxfire hits the quokka.
You kill the quokka!
Your magical contamination has completely faded away.
Found an escape hatch in the floor.
A rat comes into view.
The rat squeaks loudly.
A rat is nearby!
A rat is nearby!
You conjure some foxfire!
The foxfire hits the rat.
The rat is heavily wounded.
The foxfire hits the rat.
You kill the rat!
You see here a rat corpse.
A bat comes into view.
A bat is nearby!
A bat is nearby!
A bat is nearby!
You conjure some foxfire!
The bat hits you but does no damage.
You conjure some foxfire!
The bat barely misses you.
The foxfire hits the bat.
You kill the bat!
Your foxfire dissipates!
Found a stone staircase leading down.
There is a stone staircase leading down here.
You now have 5 gold pieces (gained 2).
Found a stone staircase leading down.
There is a stone staircase leading down here.
A bat comes into view.
A bat is nearby!
A bat is nearby!
You conjure some foxfire!
You conjure some foxfire!
The foxfire hits the bat.
The bat is severely wounded.
Your foxfire dissipates!
The foxfire hits the bat.
You kill the bat!
You see here a +0 pair of gloves.
You see here a bat corpse.
Your foxfire dissipates!
g - 2 murky blue potions
d - 2 scrolls labelled JAETOICV GISK (gained 1)
A goblin comes into view. It is wielding a +0 club.
A goblin is nearby!
A goblin is nearby!
You conjure some foxfire!
Your foxfire dissipates!
The foxfire hits the goblin.
The goblin is moderately wounded.
The goblin shouts!
You miscast Foxfire.
You are very lightly contaminated with residual magic.
Nothing appears to happen.
You conjure some foxfire!
The foxfire hits the goblin.
The goblin is severely wounded.
The foxfire hits the goblin.
You kill the goblin!
Your Stealth skill increases to level 2!
You have reached level 2!
Your demonic ancestry asserts itself...
You feel your blood ready itself to protect you.
Your magical contamination has completely faded away.
There is a staircase leading out of the dungeon here.
You have escaped!

.(...#.[†......###.........#
####.>#.......## ##........#
.....#........# #........#
###..#........# ##........#
#............###........#
#.......................#
#......###.........###..#
#..#..## ##.......## #.#
#..##.# #...@...# .# #..# .#
#.......## #.#
#......###.........###..#
....................#
#........###........#
#.......# ##.......#
#.......# #.......#
#.......## ##.......#
.#####........###..†.....#


There were no monsters in sight!

Vanquished Creatures
  A goblin (D:1)
  2 hobgoblins (D:1)
  A quokka (D:1)
  2 bats (D:1)
  A rat (D:1)
7 creatures vanquished.

Vanquished Creatures (others)
  19 foxfires (D:1)
19 creatures vanquished.

Grand Total: 26 creatures vanquished

Notes
Turn   | Place    | Note
-------+----------+-------------------------------------------
     0 | D:1      | browni3141 the Demonspawn Fire Elementalist began the quest
                  | for the Orb.
     0 | D:1      | Reached XP level 1. HP: 13/13 MP: 3/3
   350 | D:1      | Gained mutation: When seriously injured, your blood forms
                  | armour. (AC +0) [demonic ancestry]
   350 | D:1      | Reached XP level 2. HP: 19/19 MP: 0/5
   364 | D:$      | Got out of the dungeon alive.

Illustrated notes

Levels and vault maps discovered:
D:1:      minmay_arrival_four_circles, layout_loops_ring,
          amcnicky_mini_pool_small

Skill      XL: |  1 |
---------------+----+-----
Stealth        | 2 |  2.0
Dodging        | |  1.9
Spellcasting   | |  2.1
Conjurations   | |  1.2
Fire Magic     | |  2.8

Action                     || total
---------------------------++-------
   Cast: Foxfire           ||    13
 Armour: Robe              ||     1
  Dodge: Dodged            ||     1
